 Dungeon Crawl Stone Soup version 0.25-a0-610-gd0df705f03 (webtiles) character file.

Game seed: 4585447117323682907, levelgen mode: deterministic

283 n0claF the Archer (level 6, -5/52 HPs)
             Began as a Centaur Hunter on Mar 13, 2020.
             Killed from afar by Tenz's ghost (10 damage)
             ... with a blast of sand
             ... on level 3 of the Dungeon on Mar 16, 2020.
             The game lasted 00:08:43 (2753 turns).

n0claF the Archer (Centaur Hunter)                  Turns: 2753, Time: 00:08:44

Health: -5/52      AC:  4    Str: 14    XL:     6   Next: 7%
Magic:  6/6        EV:  9    Int: 10    God:
Gold:   181        SH:  0    Dex: 12    Spells: 5/5 levels left

rFire    + . .     SeeInvis .   b - +0 morningstar
rCold    x . .     Gourm    .   (no shield)
rNeg     . . .     Faith    .   c - +0 leather armour
rPois    .         Spirit   .   (helmet restricted)
rElec    .         Reflect  .   (no cloak)
rCorr    .         Harm     .   (no gloves)
MR       +....                  (no barding)
Stlth    +.........             i - amulet of regeneration {!d}
HPRegen  0.57/turn              l - ring of fire
MPRegen  0.10/turn              (no ring)

@: very quick
A: large, hooves 3, horns 1, deformed body, speed 2, magic resistance 1, tough
skin 3
a: no special abilities


You were on level 3 of the Dungeon.
You were not hungry.

You visited 1 branch of the dungeon, and saw 3 of its levels.

You collected 181 gold pieces.

Inventory:

Hand Weapons
 a - a +1 shortbow
 b - a +0 morningstar (weapon)
   (You found it on level 2 of the Dungeon)
 r - a +0 short sword
Missiles
 d - 33 arrows
 h - 45 stones (quivered)
Armour
 c - a +0 leather armour (worn)
Jewellery
 i - an amulet of regeneration (around neck) {!d}
   (You found it on level 1 of the Dungeon)
 l - a ring of fire (left hand)
   (You found it on level 1 of the Dungeon)
 v - an uncursed ring of poison resistance {unknown}
   (You found it on level 3 of the Dungeon)
Wands
 s - a wand of polymorph (9)
   (You found it on level 3 of the Dungeon)
 u - a wand of clouds (5)
   (You found it on level 3 of the Dungeon)
Scrolls
 g - 2 scrolls of identify {unknown}
 m - 4 scrolls of teleportation {unknown}
 n - 3 scrolls of amnesia {unknown}
 o - a scroll of enchant armour {unknown}
 q - 4 scrolls of remove curse {unknown}
 w - a scroll of magic mapping {unknown}
Potions
 f - a potion of degeneration {unknown}
 j - a potion of curing {@q1}
 k - a potion of mutation {!q}
 p - a potion of haste {unknown}
 x - a potion of might {unknown}
Comestibles
 e - 6 rations {!d}
 t - a chunk of flesh


   Skills:
 + Level 4.0 Fighting
 * Level 8.5 Bows
 - Level 1.3 Dodging
 - Level 0.4 Stealth


You had 5 spell levels left.
You didn't know any spells.
Your spell library was empty.

Dungeon Overview and Level Annotations

Branches:
Dungeon (3/15)

Altars:
Cheibriados
Dithmenos
Fedhas
Gozag
Hepliaklqana
Qazlal
Uskayaw
Yredelemnul

Annotations:
D:3 1 transporter, Tenz's ghost, novice FoEE


Innate Abilities, Weirdness & Mutations

You have hooves in place of feet.
Armour fits poorly on your strangely shaped body.
You cover ground very quickly.
You have extremely tough skin. (AC +3)
You have a pair of small horns on your head.
You are resistant to hostile enchantments. (MR+)


Message History

It was a potion of curing.
You feel better. The rat bites you but does no damage.
Tenz's ghost closely misses you. The rat barely misses you.
You are too injured to fight recklessly!
You closely miss the rat. You kick the rat, but do no damage.
The rat barely misses you. Tenz's ghost barely misses you.
The rat closely misses you. The rat barely misses you. Tenz's ghost hits you.
* * * LOW HITPOINT WARNING * * *
You sock the rat!
You kill the rat!
The rat bites you.
* * * LOW HITPOINT WARNING * * *
Tenz's ghost hits you but does no damage.
The rat closely misses you. The rat closely misses you.
You closely miss the rat. Your kick misses the rat.
Tenz's ghost gestures at you while chanting.
The blast of sand misses you. The rat bites you but does no damage.
You hit the rat.
You kill the rat!
Tenz's ghost closely misses you. Tenz's ghost hits you.
* * * LOW HITPOINT WARNING * * *
You barely miss Tenz's ghost.
Tenz's ghost tries to blend into its surroundings.
Tenz's ghost hits you but does no damage.
You completely miss Tenz's ghost. You headbutt Tenz's ghost.
Tenz's ghost hits you.
* * * LOW HITPOINT WARNING * * *
Tenz's ghost hits you.
* * * LOW HITPOINT WARNING * * *
You miss Tenz's ghost.
You kick Tenz's ghost, but do no damage.
You headbutt Tenz's ghost!
Tenz's ghost hits you but does no damage.
Unknown command.
You barely miss Tenz's ghost.
You headbutt Tenz's ghost, but do no damage.
Tenz's ghost casts a spell at you. The blast of sand hits you.
* * * LOW HITPOINT WARNING * * *
Tenz's ghost gestures at you while chanting.
The stone arrow misses you.
You barely miss Tenz's ghost. You kick Tenz's ghost. You headbutt Tenz's ghost.
Tenz's ghost points at you and mumbles some strange words.
The stone arrow hits you!
* * * LOW HITPOINT WARNING * * *
You hit Tenz's ghost but do no damage. Tenz's ghost casts a spell at you.
The blast of sand hits you!
You die...

#.##..##.#.#.#########..#.
#......................... ###
#.###.....©.....####.#..#. ..#
#.##..#########..###.#..#. ..#
#.##.##8.....8##.......... ..#
#....#........©#.###.#.... ..#
#.##.#.........#.......... ..###
##....#...†.....#.......... ....#
#.###.#$..@W....#.....##.#.
#...##### #.#...†.....#........#.
#...##_####.#.........#.######.#.
#...##.##...#.........#..........
...##...##..##8..!$.8##.#...##.##
...#..#..#...#########..+...'....
.###.###.#.......©.....##...##..#
.###.###.##.#.#....#.####...##..#
..##.#_...##.........#########..#


You could see Tenz's ghost.

Vanquished Creatures
  Sigmund (D:2)
  3 gnolls (D:2)
  5 adders
  A worm (D:2)
  A dart slug (D:2)
  3 ball pythons
  2 giant cockroaches (D:2)
  4 goblins
  7 hobgoblins
  5 kobolds
  2 quokkas
  4 bats
  3 frilled lizards
  17 rats
58 creatures vanquished.

Vanquished Creatures (others)
  A bat (D:3)
1 creature vanquished.

Grand Total: 59 creatures vanquished

Notes
Turn   | Place    | Note
-------+----------+-------------------------------------------
     0 | D:1      | n0claF the Centaur Hunter began the quest for the Orb.
     0 | D:1      | Reached XP level 1. HP: 17/17 MP: 1/1
   255 | D:1      | Reached XP level 2. HP: 23/24 MP: 2/2
   734 | D:1      | Reached skill level 6 in Bows
   963 | D:2      | Reached XP level 3. HP: 29/30 MP: 3/3
   977 | D:2      | Noticed Sigmund
  1307 | D:2      | Found a shadowy altar of Dithmenos.
  1387 | D:2      | Reached XP level 4. HP: 38/38 MP: 4/4
  1391 | D:2      | Reached skill level 7 in Bows
  1442 | D:2      | Upgraded the game from 0.25-a0-591-g2ad0d861f1 to
                  | 0.25-a0-610-gd0df705f03
  1852 | D:2      | Killed Sigmund
  1852 | D:2      | Reached skill level 8 in Bows
  1852 | D:2      | Reached XP level 5. HP: 39/46 MP: 5/5
  2082 | D:3      | Noticed Tenz's ghost (novice FoEE)
  2085 | D:3      | Found a transporter.
  2177 | D:3      | Found a transporter.
  2307 | D:3      | Found a stormy altar of Qazlal.
  2316 | D:3      | Noticed an air elemental
  2317 | D:3      | Noticed a fire elemental
  2317 | D:3      | Noticed a water elemental
  2361 | D:3      | Found a hazy altar of Hepliaklqana.
  2361 | D:3      | Found a blossoming altar of Fedhas.
  2366 | D:3      | Found a snail-covered altar of Cheibriados.
  2383 | D:3      | Found a basalt altar of Yredelemnul.
  2385 | D:3      | Found a hide-covered altar of Uskayaw.
  2503 | D:3      | Found an opulent altar of Gozag.
  2673 | D:3      | Reached XP level 6. HP: 52/52 MP: 6/6
  2741 | D:3      | Gained mutation: You are resistant to hostile enchantments.
                  | (MR+) [potion of mutation]
  2741 | D:3      | Gained mutation: You have a pair of small horns on your
                  | head. [potion of mutation]
  2753 | D:3      | Killed from afar by Tenz's ghost

Levels and vault maps discovered:
D:1:      saegor_arrival_miasma, layout_basic, nrook_mini_backslash,
          minmay_rat_gold_closets
D:2:      minmay_general_purpose_star, layout_basic,
          nicolae_dithmenos_shadow_blocks, uniq_sigmund
D:3:      layout_basic, nicolae_qazlal_style_of_elements,
          chequers_temple_overflow_minitemple, gammafunk_ghost_arena,
          first_ration, grunt_gozag_breadcrumbs

Skill      XL: |  1  2  3  4  5  6 |
---------------+-------------------+-----
Bows           | 6 8 |  8.5
Fighting       | 3 4 |  4.0
Dodging        | |  1.3
Stealth        | |  0.4

Action                   |  1- 3 |  4- 6 || total
-------------------------+-------+-------++-------
Melee: Short sword       |    85 |       ||    85
       Kick              |    13 |    11 ||    24
       Morningstar       |    22 |    55 ||    77
       Headbutt          |       |     4 ||     4
 Fire: Shortbow          |     2 |     7 ||     9
  Use: Potion            |       |     2 ||     2
  Eat: Chunk             |     1 |     3 ||     4
Armor: Leather armour    |    50 |    26 ||    76
Dodge: Dodged            |    45 |    50 ||    95

Table legend:
 A = Non-vault XP
 B = Vault XP
 C = Vault XP percentage of total XP
 D = Non-vault monster count
 E = Vault monster count
 F = Vault count percentage of total count
                 A         B        C        D         E       F
            +---------+---------+-------+---------+---------+-------
      Total |     156 |     249 |  61.5 |      44 |      14 |  24.1
            +---------+---------+-------+---------+---------+-------
        D:1 |      19 |       8 |  29.6 |      13 |       8 |  38.1
        D:2 |     113 |     226 |  66.7 |      24 |       3 |  11.1
        D:3 |      24 |      15 |  38.5 |       7 |       3 |  30.0
            +---------+---------+-------+---------+---------+-------
